 Dungeon Crawl Stone Soup version 0.18.1-8-gdd0e5ea (webtiles) character file.

126 Scarto the Skirmisher (level 4, 0/37 HPs)
             Began as a Demonspawn Fighter on June 10, 2016.
             Succumbed to an adder's poison
             ... on level 3 of the Dungeon.
             The game lasted 00:02:58 (1479 turns).

Scarto the Skirmisher (Demonspawn Fighter)          Turns: 1479, Time: 00:02:59

Health: 0/37       AC:  6    Str: 17    XL:     4   Next: 83%
Magic:  1/4        EV:  9    Int: 14    God:
Gold:   104        SH:  9    Dex: 13    Spells: 0 memorised, 3 levels left

rFire  + . .     SeeInvis .     a - +0 war axe
rCold  . . .     Gourm    .     b - +0 scale mail
rNeg   . . .     Faith    +     c - +0 shield
rPois  .         Spirit   +     (no helmet)
rElec  .         Dismiss  .     (no cloak)
rCorr  .         Reflect  .     (no gloves)
SustAt .         Harm     .     (no boots)
MR     .....                    h - amulet of faith
Stlth  ..........               (no ring)
                                f - ring of protection from fire

@: brilliant, lethally poisoned (0 -> -1), not resistant to hostile
enchantments, extremely unstealthy
A: repulsion field 1, magic shield
a: no special abilities


You were on level 3 of the Dungeon.
You were not hungry.

You visited 1 branch of the dungeon, and saw 3 of its levels.

You collected 104 gold pieces.

Inventory:

Hand Weapons
 a - a +0 war axe (weapon)
Armour
 b - a +0 scale mail (worn)
 c - a +0 shield (worn)
Jewellery
 f - a ring of protection from fire (left hand)
 h - an amulet of faith (around neck)
Wands
 l - a wand of digging (6/24)
Scrolls
 e - 5 scrolls of identify {unknown}
 j - a scroll of blinking {unknown}
 k - 2 scrolls of remove curse {unknown}
Potions
 m - a potion of magic {unknown}
Comestibles
 g - 2 meat rations
 i - 2 slices of pizza


   Skills:
 + Level 3.7 Fighting
 + Level 2.9 Axes
 + Level 3.2 Armour
 + Level 3.5 Shields


You had 3 spell levels left.
You didn't know any spells.

Dungeon Overview and Level Annotations

Branches:
Dungeon (3/15)

Altars:
Trog


Innate Abilities, Weirdness & Mutations

You are surrounded by a mild repulsion field (EV +2).
When hurt, damage is shared between your health and your magic reserves.


Message History

The gnoll is moderately wounded.
You closely miss the gnoll.
You feel sick. You block the gnoll's attack. The gnoll closely misses you.
You block the gnoll's attack. The gnoll hits you with a whip.
* * * LOW HITPOINT WARNING * * *
A bat comes into view.
You block the gnoll's attack.
You see here an adder corpse.
You feel sick.
An adder comes into view.
You feel sick. The adder closely misses you.
You feel sick. The bat closely misses you.
Found 15 arrows.
The adder bites you.
* * * LOW HITPOINT WARNING * * *
The bat barely misses you.
Found 9 gold pieces.
The bat hits you but does no damage.
You die...

#. ### .. #. ..# #.###.
#.# .....###.#
##....##@# #.....
#.....##.#####. #....>
#.....S......... #.....
#.....b.....(...
#......
#.....#.......$.
......##...gg########..
......##.#g# .
##.##(##g##.#g#
.....).†....#g######


You could see 2 gnolls and a bat.

Vanquished Creatures
  2 gnolls (D:3)
  5 adders
  An ooze (D:1)
  A worm (D:2)
  A dart slug (D:2)
  A giant gecko (D:2)
  2 giant cockroaches (D:2)
  5 goblins
  7 hobgoblins
  2 jackals (D:3)
  A quokka (D:2)
  3 ball pythons
  10 bats
  A giant newt (D:2)
  5 kobolds
  5 rats
52 creatures vanquished.

Notes
Turn   | Place    | Note
--------------------------------------------------------------
     0 | D:1      | Scarto the Demonspawn Fighter began the quest for the Orb.
     0 | D:1      | Reached XP level 1. HP: 18/18 MP: 1/1
    76 | D:1      | Gained mutation: You are surrounded by a mild repulsion field (EV +2). [demonic ancestry]
    76 | D:1      | Reached XP level 2. HP: 14/24 MP: 2/2
   672 | D:2      | Reached XP level 3. HP: 28/29 MP: 3/3
  1046 | D:2      | Gained mutation: When hurt, damage is shared between your health and your magic reserves. [demonic ancestry]
  1046 | D:2      | Reached XP level 4. HP: 35/35 MP: 4/4
  1452 | D:3      | Found a bloodstained altar of Trog.
  1476 | D:3      | HP: 1/37 [adder (2)]
  1479 | D:3      | Succumbed to an adder's poison

Skill      XL: |  1  2 |
---------------+-------+-----
Axes           | 2 |  2.9
Shields        | 3 |  3.5
Armour         | 3 |  3.2
Fighting       | |  3.7

Action                   |  1- 3 |  4- 6 || total
-------------------------+-------+-------++-------
Melee: War axe           |    95 |    58 ||   153
  Use: Potion            |     3 |     1 ||     4
  Eat: Bread ration      |     1 |       ||     1
Armor: Scale mail        |    66 |    34 ||   100
Dodge: Dodged            |    42 |    31 ||    73
Block: Shield            |    82 |    56 ||   138
